 Dungeon Crawl Stone Soup version 0.30-a0-808-g6e0788376e (webtiles) character file.

Game seed: 10146131728842692401

475 holysushi the Cutter (level 7, -2/32 (35) HPs)
             Began as a Vine Stalker Monk on Feb 26, 2023.
             Slain by a wight
             ... wielding a +3 great sword
              (11 damage)
             ... on level 6 of the Dungeon.
             The game lasted 00:04:17 (3447 turns).

holysushi the Cutter (Vine Stalker Monk)            Turns: 3447, Time: 00:04:18

HP:   -2/32 (35)    AC:  3    Str: 14    XL:     7   Next: 10%
MP:   0/12          EV: 15    Int: 10    God:
Gold: 282           SH:  0    Dex: 26    Spells: 12/12 levels left

rFire   . . .      SeeInvis .    x - +1 dagger (elec)
rCold   . . .      Faith    .    (no shield)
rNeg    . . .      Spirit   +    b - +0 robe
rPois   .          Reflect  .    (no helmet)
rElec   .          Harm     .    (no cloak)
rCorr   .          Rampage  .    v - +0 pair of gloves
Will    .....                    (no boots)
Stlth   +++                      (no amulet)
HPRegen 1.05/turn                m - +2 ring of dexterity
MPRegen 0.13/turn                s - +6 ring of dexterity

@: marked, drained
A: fangs 2, regeneration 1, magic shield, antimagic bite, no potion heal 2
a: no special abilities


You were on level 6 of the Dungeon.
You visited 1 branch of the dungeon, and saw 6 of its levels.

You collected 312 gold pieces.
You spent 30 gold pieces at shops.

Inventory:

Hand Weapons
 a - a +0 short sword
 x - a +1 dagger of electrocution (weapon)
Missiles
 w - a throwing net (quivered)
Armour
 b - a +0 robe (worn)
 v - a +0 pair of gloves (worn)
Jewellery
 m - a +2 ring of dexterity (left hand)
 s - a +6 ring of dexterity (right hand)
Wands
 y - a wand of acid (5)
Scrolls
 d - 2 scrolls of immolation {unknown}
 f - 3 scrolls of fear {unknown}
 h - a scroll of enchant armour {unknown}
 j - 2 scrolls of magic mapping {unknown}
 n - 7 scrolls of identify {unknown}
 o - 2 scrolls of amnesia {unknown}
 p - 2 scrolls of enchant weapon {unknown}
 r - 2 scrolls of teleportation {unknown}
Potions
 c - a potion of ambrosia
 e - a potion of heal wounds {unknown}
 g - a potion of invisibility {unknown}
 i - 2 potions of curing {unknown}
 k - a potion of mutation {unknown}
 l - a potion of haste {unknown}
 q - a potion of flight {unknown}
 t - a potion of lignification {unknown}
 u - a potion of might {unknown}


   Skills:
 - Level 2.6 Fighting
 + Level 5.6 Short Blades
 + Level 3.6 Dodging
 - Level 2.4 Stealth
 + Level 3.0 Spellcasting


You had 12 spell levels left.
You didn't know any spells.
Your spell library contained the following spells:

 Spells                   Type           Power      Damage    Failure   Level
 Sandblast                Erth           2%         2d4       28%         1
 Blink                    Tloc           2%         N/A       38%         2
 Passwall                 Tmut/Erth      0%         N/A       38%         2
 Kindle Blastsparks       Fire/Tloc/Air  2%         2d10      63%         3
 Stone Arrow              Conj/Erth      2%         3d7       63%         3
 Fulminant Prism          Conj/Hex       0%         3d5       95%         4
 Iskenderun's Mystic Bla  Conj/Tloc      1%         2d3       95%         4
 Manifold Assault         Tloc           1%         N/A       95%         4
 Lee's Rapid Deconstruct  Erth           0%         3d4*      100%        5
 Storm Form               Tmut/Air       0%         N/A       100%        7


Dungeon Overview and Level Annotations

Branches:
Dungeon (6/15) Zot: 26968
 Temple: D:4-7

Altars:
Cheibriados
Fedhas
Qazlal

Shops:
D:2 [=

Annotations:
D:6 Grinder


Innate Abilities, Weirdness & Mutations

You have extremely sharp teeth.
Your natural rate of healing is unusually fast.
When hurt, damage is shared between your health and your magic reserves.
Your bite disrupts and absorbs the magic of your enemies.
Potions cannot restore your health.


Message History

Found a stone staircase leading down.
There is a stone staircase leading up here.
There are monsters nearby!
You climb upwards.
There is a stone staircase leading down here.
There is a stone staircase leading down here.
You climb downwards.
Level annotation: Grinder A sourceless malevolence fills the Dungeon...
With a horrendous wail, an alarm goes off!
A sentinel's mark forms upon you.
You hear a bark!
You hear a howl!
You hear a shout! x2
Found a curved bone wand.
There is a stone staircase leading up here.
y - a wand of acid (5)
A hound comes into view.
A hound is nearby!
A hound is nearby!
The hound pauses to sniff the ground.
An iguana and a wight come into view.
A wight comes into view. It is wielding a +0 falchion.
A howler monkey comes into view.
A wight comes into view. It is wielding a +0 long sword.
The hound barely misses you.
The howler monkey hoots and howls with incredible vigour!
You hit the hound but do no damage. The hound completely misses you.
A scorpion comes into view.
The hound closely misses you.
The wight hits you with a +3 great sword!!
You feel drained. The hound bites you but does no damage.
The wight attacks as you move away! The wight completely misses you.
A wight comes into view.
It is wielding a +3 great sword of freezing.
The hound closely misses you. The wight hits you with a +0 falchion!
You feel drained.
* * * LOW HITPOINT WARNING * * *
Okay, then.
The hound attacks as you move away! The hound misses you.
The wight attacks as you move away!
The wight hits you with a +3 great sword!
You die...

#z. #.# #s# #z#
# #.## #..##
#h.#
##....##.z##
.......<@z.####
######.#.hl...#
#.###.#### #.
#.# ## ..# ##..
#.. #.## #.#


You could see a scorpion, a howler monkey (catching breath), an iguana, a hound
and 4 wights.

Vanquished Creatures
  An ogre (D:5)
  A hound (D:4)
  2 orc priests
  3 orc wizards (D:5)
  6 gnolls
  8 adders
  A white imp (D:5)
  An ufetubus (D:5)
  2 worms
  3 dart slugs
  12 orcs
  6 endoplasms
  4 giant cockroaches (D:2)
  4 goblins
  6 hobgoblins
  A jackal (D:1)
  A quokka (D:1)
  3 ball pythons
  A bat (D:1)
  4 frilled lizards
  4 kobolds (D:1)
  5 rats
79 creatures vanquished.

Notes
Turn   | Place    | Note
-------+----------+-------------------------------------------
     0 | D:1      | holysushi the Vine Stalker Monk began the quest for the
                  | Orb.
     0 | D:1      | Reached XP level 1. HP: 11/11 MP: 2/2
   144 | D:1      | Reached skill level 3 in Short Blades
   214 | D:1      | Reached XP level 2. HP: 14/16 MP: 3/3
   819 | D:2      | Reached XP level 3. HP: 18/19 MP: 4/4
   915 | D:2      | Reached skill level 4 in Short Blades
  1145 | D:2      | Found Zuasoik's Armour Emporium.
  1201 | D:2      | Found Vietol's One-of-a-Kind Rings.
  1218 | D:2      | Bought a +2 ring of dexterity for 30 gold pieces
  1506 | D:3      | Gained mutation: Your natural rate of healing is unusually
                  | fast. [Vine Stalker growth]
  1506 | D:3      | Reached XP level 4. HP: 23/23 MP: 5/5
  1693 | D:3      | Found a snail-covered altar of Cheibriados.
  1751 | D:3      | Found a faded altar of an unknown god.
  1849 | D:3      | Found a stormy altar of Qazlal.
  1937 | D:2      | Reached XP level 5. HP: 20/27 MP: 4/6
  1998 | D:3      | Reached skill level 1 in Spellcasting
  2240 | D:4      | Found a blossoming altar of Fedhas.
  2261 | D:4      | Reached skill level 5 in Short Blades
  2675 | D:5      | Entered Level 5 of the Dungeon
  2680 | D:5      | Reached XP level 6. HP: 32/32 MP: 9/9
  2981 | D:5      | Reached XP level 7. HP: 21/35 MP: 8/12
  3415 | D:6      | Noticed Grinder
  3447 | D:6      | Slain by a wight

Illustrated notes

Levels and vault maps discovered:
D:1:      scummos_arrival_star, layout_loops_ring, minmay_heptomino_d4
D:2:      cheibrodos_helix_gallery, layout_loops_ring, serial_shops,
          nicolae_shop_statue_plus, hex_large, nicolae_shop_unique_rings
D:3:      layout_rooms, grunt_qazlal_clouds, mainiacjoe_overflow_cross_hatched,
          shapermc_ecumenical_altar_venn
D:4:      minmay_wonky_spiral, layout_rooms, fedhas_altar_1, minmay_surrounded
D:5:      layout_loops_ring
D:6:      lemuel_ice_spiral_2, layout_rooms,
          lemuel_mausoleum_altar_kikubaaqudgha, serial_shops,
          nicolae_shop_temple_entry_statues_fountains, minmay_stone_trees_small,
          uniq_grinder

Skill      XL: |  1  2  3  4  5  6  7 |
---------------+----------------------+-----
Short Blades   | 3 4 5 |  5.6
Spellcasting   | 1 2 3 |  3.0
Dodging        | 3 |  3.6
Fighting       | |  2.6
Stealth        | |  2.4

Action                     |  1- 3 |  4- 6 |  7- 9 || total
---------------------------+-------+-------+-------++-------
  Melee: Short sword       |   102 |   143 |    30 ||   275
         Bite              |    29 |    49 |    13 ||    91
         Punch             |     2 |     4 |     1 ||     7
         Dagger            |       |       |     1 ||     1
   Stab: Sleeping          |     7 |    10 |       ||    17
 Armour: Robe              |    10 |    10 |     6 ||    26
  Dodge: Dodged            |    52 |    63 |    28 ||   143

Table legend: (Time is in decaauts)
 A = Elapsed time spent in this place.
 B = Non-inter-level travel time spent in this place.
 C = Inter-level travel time spent in this place.
 D = Time resting spent in this place.
 E = Time spent auto-exploring this place.
 F = Levels seen in this place.
 G = Mean time per level.
                   A        B        C        D        E       F      G
               +--------+--------+--------+--------+--------+-----+--------+
         Total |   3382 |   3223 |    159 |      6 |   2474 |   6 |  563.7 |
       Dungeon |   3382 |   3223 |    159 |      6 |   2474 |   6 |  563.7 |
               +--------+--------+--------+--------+--------+-----+--------+

Top non-repeatable levels by time:
     D:1: 789 daAuts
     D:5: 732 daAuts
     D:2: 720 daAuts
     D:4: 590 daAuts
     D:3: 535 daAuts
     D:6: 15 daAuts
